 Dungeon Crawl Stone Soup version 0.17-a0-1718-g72dbe4d (webtiles) character file.

6583 kae the Fencer (level 10, -3/83 HPs)
             Began as a Minotaur Fighter on Aug 24, 2015.
             Was a Believer of Qazlal.
             Slain by a yak (13 damage)
             ... on level 9 of the Dungeon.
             The game lasted 00:10:29 (9060 turns).

kae the Fencer (Minotaur Fighter)                   Turns: 9060, Time: 00:10:29

Health: -3/83      AC:  8    Str: 22    XL:     10   Next: 71%
Magic:  18/18      EV:  7    Int:  7    God:    Qazlal [**....]
Gold:   381        SH: 13    Dex: 15    Spells: 0 memorised, 9 levels left

rFire  + . .     SeeInvis .     I - +3 falchion
rCold  . . .     Clarity  .     b - +1 scale mail
rNeg   . . .     SustAt   .     c - +0 shield
rPois  .         Gourm    .     (helmet restricted)
rElec  .         Spirit   .     (no cloak)
rCorr  .         Warding  .     (no gloves)
rMut   +         Stasis   .     (no boots)
MR     .....                    w - amulet of resist mutation
Stlth  ..........               d - ring "Femalae" {rF+ Dex+5}
                                l - ring of magical power

@: not resistant to hostile enchantments, extremely unstealthy
A: retaliatory headbutt, horns 2
a: Upheaval, Renounce Religion


You were on level 9 of the Dungeon.
You worshipped Qazlal.
Qazlal was pleased with you.
You were hungry.

You visited 2 branches of the dungeon, and saw 10 of its levels.

You collected 381 gold pieces.

Inventory:

Hand weapons
 I - a +3 falchion (weapon)
Armour
 b - a +1 scale mail (worn)
 c - a +0 shield (worn)
Jewellery
 d - the ring "Femalae" (right hand) {rF+ Dex+5}
   (You took it off Eustachio on level 4 of the Dungeon)

   [ring of protection from fire]

   It affects your dexterity (+5).
   It protects you from fire.
 l - a ring of magical power (left hand)
 n - an uncursed amulet of guardian spirit
 q - an uncursed ring of stealth
 u - an uncursed ring of ice
 w - an amulet of resist mutation (around neck)
 H - an uncursed amulet of faith {unknown}
Magical devices
 o - a wand of magic darts (18)
 v - a wand of confusion (39)
 y - a wand of polymorph (18)
 z - a wand of disintegration (3)
 L - a wand of magic darts (25)
Scrolls
 f - 4 scrolls of teleportation
 h - 6 scrolls of remove curse
 A - a scroll of amnesia
 B - 5 scrolls of identify
 E - 2 scrolls of magic mapping
 K - a scroll of blinking
 M - a scroll of enchant armour
 P - a scroll of summoning {unknown}
Potions
 a - a potion of ambrosia {unknown}
 g - 4 potions of curing
 i - 3 potions of resistance {unknown}
 j - 2 potions of flight
 k - 2 potions of brilliance
 t - a potion of invisibility
 x - 2 potions of magic {unknown}
 C - 3 potions of agility
 D - a potion of poison {unknown}
 O - 2 potions of mutation {unknown}
 Q - a potion of haste {unknown}
 R - a potion of berserk rage {unknown}
Books
 G - a book of the Earth

   Spells                             Type                      Level
   a - Leda's Liquefaction            Hexes/Earth                  4
   b - Bolt of Magma                  Conjuration/Fire/Earth       5
   c - Statue Form                    Transmutation/Earth          6
   d - Iron Shot                      Conjuration/Earth            6
   e - Shatter                        Earth                        9
 N - a book of Death

   Spells                             Type                      Level
   a - Corpse Rot                     Necromancy                   2
   b - Sublimation of Blood           Necromancy                   2
   c - Agony                          Necromancy                   5
   d - Dispel Undead                  Necromancy                   5
   e - Excruciating Wounds            Charms/Necromancy            5
   f - Bolt of Draining               Conjuration/Necromancy       5
Comestibles
 e - 12 bread rations
 m - 5 fruits
 p - 3 beef jerkies
 r - 5 meat rations
 s - 2 slices of pizza
 F - a royal jelly


   Skills:
 + Level 5.9 Fighting
 - Level 17.1 Long Blades
 + Level 6.1 Armour
 - Level 3.6 Shields


You had 9 spell levels left.
You didn't know any spells.

Dungeon Overview and Level Annotations

Branches:
Dungeon (9/15)             Temple (1/1) D:7
   Lair: D:8-11         Orc: D:9-12

Altars:
Ashenzari
Cheibriados
Dithmenos
Elyvilon
Fedhas
Gozag
Kikubaaqudgha
Makhleb
Nemelex Xobeh
Okawaru
Qazlal
Ru
Sif Muna
Trog
Vehumet
Xom
Yredelemnul
Zin
The Shining One


Innate Abilities, Weirdness & Mutations

You reflexively headbutt those who attack you in melee.
You have a pair of horns on your head.


Message History

You are too injured to fight recklessly!
You are too injured to fight recklessly!
You hit the yak.
You kill the yak!
Qazlal accepts your kill.
Your Armour skill increases to level 6!
You swing at nothing.
You hit the yak. You headbutt the yak!
The yak is moderately wounded.
The yak gores you!
* * * LOW HITPOINT WARNING * * *
You hit the yak.
The yak is moderately wounded.
You hit the yak. You headbutt the yak.
The yak is heavily wounded.
You block the yak's attack.
You slash the yak!
The yak is severely wounded.
The yak gores you!
You die...

# #...########..# #.. #
#...##$.......# #.# #
#...##........# #.# #
#...##.....†..# #.# #
#...##........####.######## #
# #...##.....[.>#...........#
#
######........#.##§######.#.##
########Y#.#...# #.#...
#@#.###.#####.####
########.#.# #....§..####
#..........# #...........
#........### #......#####
#....)...# #......'....
#....÷.).# ##.....####.
#.....)).# #.....# #...)....#
####### #........#


You could see a yak.

Vanquished Creatures
  Pikel (D:4)
  A gargoyle (D:8)
  Grinder (D:3)
  A spriggan (D:7)
  Eustachio (D:4)
  Grum (D:8)
  3 hippogriffs
  5 yaks (D:9)
  Edmund (D:4)
  2 wolves (D:8)
  Duvessa (D:4)
  3 sky beasts
  2 black bears
  2 ice beasts
  4 slaves (D:4)
  4 ogres
  2 orc warriors (D:8)
  A centaur (D:8)
  A phantom (D:9)
  4 giant frogs
  Blork the orc (D:6)
  Dowan (D:4)
  A wyvern skeleton (D:8)
  A water moccasin skeleton (D:5)
  3 scorpions
  2 crimson imps
  3 killer bees (D:8)
  5 wights (D:8)
  2 orc priests (D:5)
  A centaur zombie (D:5)
  5 hounds
  3 giant frog skeletons
  A gnoll shaman (D:5)
  3 iguanas
  Natasha (thrice) (D:4)
  8 orc wizards
  8 worker ants
  A hound skeleton (D:8)
  16 adders
  4 gnolls (D:5)
  3 shadow imps
  An adder skeleton (D:9)
  2 worms
  4 giant geckos
  35 orcs
  4 giant cockroaches
  9 goblins
  8 hobgoblins
  5 kobolds
  6 quokkas
  2 ball pythons
  9 bats
  A giant gecko zombie (D:7)
  6 giant newts
  10 jackals
  A jackal skeleton (D:4)
  A jackal zombie (D:7)
  6 rats
226 creatures vanquished.

Notes
Turn   | Place    | Note
--------------------------------------------------------------
     0 | D:1      | kae the Minotaur Fighter began the quest for the Orb.
     0 | D:1      | Reached XP level 1. HP: 19/19 MP: 0/0
   254 | D:1      | Found a shattered altar of Ashenzari.
   381 | D:1      | Reached XP level 2. HP: 24/26 MP: 1/1
   967 | D:2      | Reached skill level 4 in Long Blades
   983 | D:2      | Reached XP level 3. HP: 31/31 MP: 2/2
  1496 | D:3      | Found an ancient bone altar of Kikubaaqudgha.
  1530 | D:3      | Reached skill level 5 in Long Blades
  1599 | D:3      | Reached XP level 4. HP: 36/39 MP: 3/3
  1854 | D:3      | Noticed Grinder
  1861 | D:3      | Killed Grinder
  1861 | D:3      | Reached skill level 7 in Long Blades
  1861 | D:3      | Reached XP level 5. HP: 30/45 MP: 4/4
  1861 | D:3      | Reached XP level 6. HP: 34/51 MP: 5/5
  2037 | D:3      | Reached skill level 8 in Long Blades
  2219 | D:4      | Noticed Edmund
  2235 | D:4      | Killed Edmund
  2235 | D:4      | Reached skill level 9 in Long Blades
  2235 | D:4      | Reached XP level 7. HP: 35/57 MP: 6/6
  2369 | D:4      | Noticed Pikel
  2397 | D:4      | Killed Pikel
  2397 | D:4      | Reached skill level 11 in Long Blades
  2603 | D:4      | Noticed Duvessa
  2606 | D:4      | Noticed Dowan
  2609 | D:4      | Reached XP level 8. HP: 43/64 MP: 7/7
  2621 | D:4      | Killed Duvessa
  2624 | D:4      | Killed Dowan
  2656 | D:4      | Noticed Eustachio
  2681 | D:4      | Killed Eustachio
  2681 | D:4      | Reached skill level 12 in Long Blades
  2683 | D:4      | Got a scorched ivory ring
  3199 | D:4      | Noticed Natasha
  3203 | D:4      | Killed Natasha
  3370 | D:4      | Noticed Natasha
  3388 | D:4      | Killed Natasha
  3747 | D:4      | Noticed Natasha
  3753 | D:4      | Killed Natasha
  3781 | D:5      | Entered Level 5 of the Dungeon
  3793 | D:5      | Identified the ring "Femalae" {rF+ Dex+5} (You took it off Eustachio on level 4 of the Dungeon)
  3844 | D:5      | Reached skill level 13 in Long Blades
  4071 | D:5      | Found a snail-covered altar of Cheibriados.
  4188 | D:5      | Reached XP level 9. HP: 48/70 MP: 8/8
  4975 | D:6      | Reached skill level 14 in Long Blades
  5125 | D:6      | Noticed Blork the orc
  5133 | D:6      | Killed Blork the orc
  5192 | D:6      | Found a sacrificial altar of Ru.
  6069 | D:7      | Found a staircase to the Ecumenical Temple.
  6090 | D:7      | Reached skill level 15 in Long Blades
  6096 | Temple   | Entered the Ecumenical Temple
  6177 | Temple   | Became a worshipper of Qazlal Stormbringer
  7017 | D:8      | Noticed Grum
  7033 | D:8      | Killed Grum
  7033 | D:8      | Reached skill level 16 in Long Blades
  7280 | D:8      | Reached XP level 10. HP: 40/77 MP: 9/9
  7483 | D:8      | Noticed a gargoyle
  7492 | D:8      | Killed a gargoyle
  7540 | D:8      | HP: 1/77 [disintegration (17)]
  7839 | D:8      | Acquired Qazlal's first power
  7889 | D:8      | Found a glowing golden altar of the Shining One.
  7896 | D:8      | Found a sparkling altar of Nemelex Xobeh.
  7897 | D:8      | Found an iron altar of Okawaru.
  7898 | D:8      | Found a burning altar of Makhleb.
  7899 | D:8      | Found a radiant altar of Vehumet.
  7901 | D:8      | Found a snail-covered altar of Cheibriados.
  8097 | D:8      | Found a sparkling altar of Nemelex Xobeh.
  8394 | D:8      | Reached skill level 17 in Long Blades
  8558 | D:9      | Found a sparkling altar of Nemelex Xobeh.
  8820 | D:9      | Acquired Qazlal's second power
  8925 | D:9      | Reached skill level 5 in Armour
  9025 | D:9      | Reached skill level 5 in Fighting
  9060 | D:9      | Slain by a yak

Vault maps used:
D:1:      dpeg_arrival_tiny_a, ashenzari_altar_1
D:3:      nicolae_overflow_crystal_walls, uniq_grinder
D:4:      first_bread, uniq_pikel, uniq_edmund, uniq_duvessa, uniq_natasha,
          uniq_eustachio
D:5:      cheibriados_altar_1
D:6:      nicolae_ru_sacrificial_ziggurat, uniq_blork_the_orc
D:7:      minmay_temple_entry_large_hall, the_bakery
D:8:      minitemple, basic_altar, uniq_grum
D:9:      special_room, nemelex_diamond_rough_becter
Temple:   water_room_temple_b_12

Action                   |  1- 3 |  4- 6 |  7- 9 | 10-12 || total
-------------------------+-------+-------+-------+-------++-------
Melee: Long sword        |   102 |    62 |   392 |       ||   556
       Falchion          |       |       |       |   232 ||   232
  Use: Scroll            |     7 |       |     7 |     3 ||    17
       Potion            |       |     1 |     2 |     2 ||     5
  Eat: Chunk             |     2 |     2 |    16 |     4 ||    24
       Fruit             |       |       |     1 |     1 ||     2
